 Dungeon Crawl Stone Soup version 0.22-a0-298-g92d99f377c (webtiles) character file.

116 Manul the Twirler (level 4, -1/34 HPs)
             Began as a Demonspawn Gladiator on Mar 25, 2018.
             Killed by divine providence
             ... invoked by an orc priest
              (9 damage)
             ... on level 3 of the Dungeon.
             The game lasted 00:02:20 (2042 turns).

Manul the Twirler (Demonspawn Gladiator)            Turns: 2042, Time: 00:02:21

Health: -1/34      AC:  7    Str: 17    XL:     4   Next: 69%
Magic:  4/4        EV: 12    Int: 14    God:
Gold:   126        SH:  0    Dex: 18    Spells: 3/3 levels left

rFire    . . .     SeeInvis .   a - +0 quarterstaff
rCold    . . .     Gourm    .   (shield currently unavailable)
rNeg     . . .     Faith    .   p - +0 ring mail
rPois    .         Spirit   .   c - +0 helmet
rElec    .         Reflect  .   q - +0 cloak
rCorr    .         Harm     .   (no gloves)
MR       .....                  (no boots)
Stlth    ++........             (no amulet)
HPRegen  0.11/turn              m - ring of wizardry
MPRegen  0.09/turn              k - +3 ring of strength

@: brilliant
A: talons 1, thin skeletal structure 1
a: no special abilities


You were on level 3 of the Dungeon.
You were not hungry.

You visited 1 branch of the dungeon, and saw 3 of its levels.

You collected 126 gold pieces.

Inventory:

Hand Weapons
 a - a +0 quarterstaff (weapon)
Missiles
 d - 3 throwing nets (quivered)
Armour
 b - a +0 leather armour
 c - a +0 helmet (worn)
 p - a +0 ring mail (worn)
 q - a +0 cloak (worn)
Jewellery
 k - a +3 ring of strength (right hand)
 m - a ring of wizardry (left hand)
Scrolls
 e - a scroll of random uselessness {unknown}
 h - 4 scrolls of enchant weapon {unknown}
 l - a scroll of noise {unknown}
 n - a scroll of identify
 o - a scroll of fog
Potions
 i - 2 potions of brilliance
Comestibles
 f - 9 rations
 g - 14 chunks of flesh


   Skills:
 + Level 2.6 Fighting
 + Level 3.9 Staves
 + Level 1.8 Throwing
 + Level 1.0 Armour
 + Level 3.3 Dodging
 + Level 0.5 Stealth


You had 3 spell levels left.
You didn't know any spells.

Dungeon Overview and Level Annotations

Branches:
Dungeon (3/15)

Altars:
Ashenzari


Innate Abilities, Weirdness & Mutations

You have sharp toenails.
You have a somewhat thin skeletal structure. (Dex +2, Stealth)


Message History

You are too injured to fight recklessly!
You are too injured to fight recklessly!
You are too injured to fight recklessly!
It was a potion of brilliance.
You feel clever all of a sudden.
The orc priest invokes the aid of Beogh against you.
Pain shoots through your body!
* * * LOW HITPOINT WARNING * * *
Unknown command.
As you read the scroll labeled YCEGEK WUUBU, it crumbles to dust.
You feel as if something is helping you.
It was a scroll of remove curse.
The orc priest closely misses you. The orc priest hits you with a club.
* * * LOW HITPOINT WARNING * * *
As you read the scroll labeled RUORANYTUI, it crumbles to dust.
It is a scroll of identify.
o - a scroll of fog The orc priest mumbles some strange prayers to Beogh against you.
Beogh smites you!
You die...

##. ## ##.# ##.. ...# #
# ... ... .#. ..# # ..#
#.# #.# #.##.###.##. #.#
#.# #..oo.......
##.###.#########@######
.........(......)..>....
##÷........#####.######.
........##.# #.#
####.#..##.# #.#
#.#..##.# #$# #÷#..##.#
#.# #)#..##.# #.#
#.#..##.### .#


You could see 2 orc priests.

Vanquished Creatures
  An orc wizard (D:3)
  2 adders
  2 worms (D:2)
  2 dart slugs (D:1)
  2 leopard geckos
  5 giant cockroaches
  9 goblins
  5 hobgoblins
  3 jackals (D:3)
  3 quokkas
  5 bats
  4 frilled lizards
  7 kobolds
  11 rats
61 creatures vanquished.

Notes
Turn   | Place    | Note
-------+----------+-------------------------------------------
     0 | D:1      | Manul the Demonspawn Gladiator began the quest for the Orb.
     0 | D:1      | Reached XP level 1. HP: 16/16 MP: 1/1
    16 | D:1      | Found a shattered altar of Ashenzari.
   195 | D:1      | Gained mutation: You have a somewhat thin skeletal structure. (Dex +2, Stealth) [demonic ancestry]
   195 | D:1      | Reached XP level 2. HP: 22/22 MP: 2/2
   764 | D:1      | Gained mutation: You have sharp toenails. [demonic ancestry]
   764 | D:1      | Reached XP level 3. HP: 28/28 MP: 3/3
  1819 | D:2      | Reached XP level 4. HP: 34/34 MP: 4/4
  2031 | D:3      | Reached skill level 1 in Armour
  2042 | D:3      | Killed from afar by an orc priest

Vault maps used:
D:1:      scummos_arrival_simple_fountains, st_stairs_1,
          nicolae_ashenzari_panopticon
D:2:      first_ration
D:3:      kennysheep_orc_chapel

Skill      XL: |  1  2  3  4 |
---------------+-------------+-----
Dodging        | 3 |  3.3
Staves         | 3 |  3.9
Armour         | 1 |  1.0
Fighting       | |  2.6
Throwing       | |  1.8
Stealth        | |  0.5

Action                   |  1- 3 |  4- 6 || total
-------------------------+-------+-------++-------
Melee: Quarterstaff      |   115 |    31 ||   146
       Kick              |    17 |    12 ||    29
  Use: Scroll            |       |     2 ||     2
       Potion            |       |     1 ||     1
 Stab: Sleeping          |     4 |       ||     4
  Eat: Chunk             |     2 |     2 ||     4
Armor: Leather armour    |    17 |       ||    17
       Ring mail         |    15 |    16 ||    31
Dodge: Dodged            |    89 |    22 ||   111

Table legend:
 A = Spawn XP
 B = Non-spawn XP
 C = Spawn XP percentage of total XP
 D = Spawn monster count
 E = Non-spawn monster count
 F = Spawn count percentage of total count
 G = Total turns spent on level
                    A         B        C        D         E        F      G
               +---------+---------+-------+---------+---------+-------+---------
         Total |       0 |     166 |   0.0 |       0 |      61 |   0.0 |  2042
               +---------+---------+-------+---------+---------+-------+---------
           D:1 |       0 |      44 |   0.0 |       0 |      25 |   0.0 |   971
           D:2 |       0 |      59 |   0.0 |       0 |      26 |   0.0 |   992
           D:3 |       0 |      63 |   0.0 |       0 |      10 |   0.0 |    79
               +---------+---------+-------+---------+---------+-------+---------
